MLB
OAKLAND ATHLETICS @ SAN DIEGO PADRES
08/10/2044
 
TOP OF THE 1ST
Oakland Athletics batting - Pitching for San Diego Padres : LHP Matt Wheeler
Pitching: LHP Matt Wheeler
Batting: SHB Ryan Langlois 0-0: Ball
1-0: Ball
2-0: Foul Ball, location: 2F
2-1: Ball
3-1: Swinging Strike
3-2: Foul Ball, location: 2F
3-2: Foul Ball, location: 2F
3-2: Strikes out swinging
Batting: RHB Philip Jansen 0-0: Ground out 4-3 (Groundball, 4M, EV 105.0 MPH)
Batting: RHB Muneo Kawachi 0-0: Called Strike
0-1: DOUBLE (Line Drive, 89D, EV 99.4 MPH)
Batting: RHB Sébastien Piat 0-0: Ball
1-0: Ball
2-0: Foul Ball, location: 2F
2-1: Foul Ball, location: 2F
2-2: Strikes out swinging
Top of the 1st over - 0 runs, 1 hit, 0 errors, 1 left on base; Oakland 0 - San Diego 0
BOTTOM OF THE 1ST
San Diego Padres batting - Pitching for Oakland Athletics : RHP Mike Torres
Pitching: RHP Mike Torres
Batting: LHB Per Meulengracht 0-0: Ball
1-0: Called Strike
1-1: Ball
2-1: Swinging Strike
2-2: Fly out, F8 (Flyball, 8LS, EV 71.2 MPH)
Batting: LHB Kevin Bellman 0-0: Called Strike
0-1: Called Strike
0-2: Strikes out swinging
Batting: SHB Jerry Luckwell 0-0: Called Strike
0-1: SINGLE (Groundball, 6MD, EV 83.8 MPH) (infield hit)
Batting: LHB Mike Holt 0-0: Ball
1-0: Called Strike
1-1: Ball
2-1: Swinging Strike
2-2: Ball
3-2: Foul Ball, location: 2F
3-2: Base on Balls
Jerry Luckwell to second
Batting: LHB Xavier Pittman 0-0: Swinging Strike
0-1: Ball
1-1: Ball
2-1: Foul Ball, location: 2F
2-2: SINGLE (Groundball, 4M, EV 96.2 MPH)
Jerry Luckwell to third
Mike Holt to second
Runner from 3rd tries for Home, SAFE, throw by CF to home
Batting: RHB Chiel Palstermans 0-0: Ball
1-0: Ball
2-0: Called Strike
2-1: Foul Ball, location: 2F
2-2: Ball
3-2: Fly out, F8 (Flyball, 89D, EV 103.1 MPH)
Bottom of the 1st over - 1 run, 2 hits, 0 errors, 2 left on base; Oakland 0 - San Diego 1
TOP OF THE 2ND
Oakland Athletics batting - Pitching for San Diego Padres : LHP Matt Wheeler
Batting: RHB Adam McGurn 0-0: Foul Ball, location: 2F
0-1: Ball
1-1: Called Strike
1-2: Foul Ball, location: 2F
1-2: Ball
2-2: Ball
3-2: Strikes out looking
Batting: LHB Nate Dean 0-0: Foul Ball, location: 2F
0-1: Ball
1-1: Fly out, F9 (Flyball, 89XD, EV 85.6 MPH)
Batting: RHB Danny Murillo 0-0: Called Strike
0-1: Swinging Strike
0-2: Fly out, F9 (Flyball, 9S, EV 88.1 MPH)
Top of the 2nd over - 0 runs, 0 hits, 0 errors, 0 left on base; Oakland 0 - San Diego 1
BOTTOM OF THE 2ND
San Diego Padres batting - Pitching for Oakland Athletics : RHP Mike Torres
Batting: LHB Andy Bowman 0-0: Ball
1-0: Ball
2-0: Ball
3-0: Ground out 4-3 (Groundball, 4, EV 88.1 MPH)
Batting: RHB Alberto Cotto 0-0: Ball
1-0: Ground out 6-3 (Groundball, 6, EV 88.8 MPH)
Batting: LHB Joseph Martin 0-0: Foul Ball, location: 2F
0-1: Swinging Strike
0-2: Ground out 4-3 (Groundball, 4S, EV 83.1 MPH)
Bottom of the 2nd over - 0 runs, 0 hits, 0 errors, 0 left on base; Oakland 0 - San Diego 1
TOP OF THE 3RD
Oakland Athletics batting - Pitching for San Diego Padres : LHP Matt Wheeler
Batting: SHB Todd Hewitt 0-0: Called Strike
0-1: Ball
1-1: Swinging Strike
1-2: Strikes out looking
Batting: LHB George Leary 0-0: Ball
1-0: Ball
2-0: Called Strike
2-1: Ball
3-1: Foul Ball, location: 2F
3-2: Strikes out swinging
Batting: SHB Ryan Langlois 0-0: Ball
1-0: Ball
2-0: Foul Ball, location: 2F
2-1: Called Strike
2-2: Strikes out swinging
Top of the 3rd over - 0 runs, 0 hits, 0 errors, 0 left on base; Oakland 0 - San Diego 1
BOTTOM OF THE 3RD
San Diego Padres batting - Pitching for Oakland Athletics : RHP Mike Torres
Batting: LHB Per Meulengracht 0-0: SINGLE (Line Drive, 89M, EV 104.4 MPH)
Batting: LHB Kevin Bellman 0-0: Foul Ball, location: 2F
0-1: Ball
1-1: Foul Ball, location: 2F
1-2: Fielders Choice at 2nd, 4-6 (Groundball, 4, EV 79.4 MPH)
Batting: SHB Jerry Luckwell 0-0: Ball
1-0: Fielders Choice at 2nd, 3-6 (Groundball, 3, EV 93.1 MPH)
Batting: LHB Mike Holt 0-0: Ball
1-0: Ball
2-0: Called Strike
2-1: Fly out, F8 (Flyball, 8RS, EV 95.6 MPH)
Bottom of the 3rd over - 0 runs, 1 hit, 0 errors, 1 left on base; Oakland 0 - San Diego 1
TOP OF THE 4TH
Oakland Athletics batting - Pitching for San Diego Padres : LHP Matt Wheeler
Batting: RHB Philip Jansen 0-0: Ground out 4-3 (Groundball, 4, EV 88.8 MPH)
Batting: RHB Muneo Kawachi 0-0: SOLO HOME RUN (Flyball, 9D, EV 98.8 MPH), Distance : 386 ft
Batting: RHB Sébastien Piat 0-0: Ball
1-0: Foul Ball, location: 2F
1-1: Ball
2-1: Fly out, F4 (Flyball, 34D, EV 73.1 MPH)
Batting: RHB Adam McGurn 0-0: Called Strike
0-1: Ball
1-1: Foul Ball, location: 2F
1-2: Strikes out swinging
Top of the 4th over - 1 run, 1 hit, 0 errors, 0 left on base; Oakland 1 - San Diego 1
BOTTOM OF THE 4TH
San Diego Padres batting - Pitching for Oakland Athletics : RHP Mike Torres
Batting: LHB Xavier Pittman 0-0: Ball
1-0: Ground out 4-3 (Groundball, 4S, EV 85.0 MPH)
Batting: RHB Chiel Palstermans 0-0: Ball
1-0: Foul Ball, location: 2F
1-1: Ball
2-1: Swinging Strike
2-2: Foul Ball, location: 2F
2-2: Fly out, F9 (Flyball, 89M, EV 86.2 MPH)
Batting: LHB Andy Bowman 0-0: Called Strike
0-1: Swinging Strike
0-2: Ball
1-2: Foul Ball, location: 2F
1-2: Foul Ball, location: 2F
1-2: Foul Ball, location: 2F
1-2: Strikes out looking
Bottom of the 4th over - 0 runs, 0 hits, 0 errors, 0 left on base; Oakland 1 - San Diego 1
TOP OF THE 5TH
Oakland Athletics batting - Pitching for San Diego Padres : LHP Matt Wheeler
Batting: LHB Nate Dean 0-0: Ball
1-0: Foul Ball, location: 2F
1-1: Ground out 6-3 (Groundball, 4M, EV 90.0 MPH)
Batting: RHB Danny Murillo 0-0: Called Strike
0-1: Swinging Strike
0-2: DOUBLE (Groundball, 5L, EV 105.0 MPH)
Batting: SHB Todd Hewitt 0-0: Ball
1-0: Called Strike
1-1: Swinging Strike
1-2: Strikes out swinging
Batting: LHB George Leary 0-0: Ball
1-0: Ball
2-0: Ball
3-0: Ground out 4-3 (Groundball, 4, EV 84.4 MPH)
Top of the 5th over - 0 runs, 1 hit, 0 errors, 1 left on base; Oakland 1 - San Diego 1
BOTTOM OF THE 5TH
San Diego Padres batting - Pitching for Oakland Athletics : RHP Mike Torres
Batting: RHB Alberto Cotto 0-0: Called Strike
0-1: Foul Ball, location: 2F
0-2: Ball
1-2: SINGLE (Flyball, 78S, EV 96.9 MPH)
Batting: LHB Joseph Martin 0-0: Ball
1-0: Grounds into double play, 5-4-3 (Groundball, 56, EV 98.1 MPH)
Batting: LHB Per Meulengracht 0-0: Ball
1-0: Called Strike
1-1: Foul Ball, location: 2F
1-2: Foul Ball, location: 2F
1-2: Foul Ball, location: 2F
1-2: Ball
2-2: Ball
3-2: Ground out 4-3 (Groundball, 4M, EV 106.2 MPH)
Bottom of the 5th over - 0 runs, 1 hit, 0 errors, 0 left on base; Oakland 1 - San Diego 1
TOP OF THE 6TH
Oakland Athletics batting - Pitching for San Diego Padres : LHP Matt Wheeler
Batting: SHB Ryan Langlois 0-0: Foul Ball, location: 2F
0-1: Ball
1-1: Ball
2-1: Foul Ball, location: 2F
2-2: Foul Ball, location: 2F
2-2: SOLO HOME RUN (Flyball, 9D, EV 100.0 MPH), Distance : 376 ft
Batting: RHB Philip Jansen 0-0: Foul Ball, location: 2F
0-1: Fly out, F8 (Flyball, 8RM, EV 88.1 MPH)
Batting: RHB Muneo Kawachi 0-0: Ball
1-0: Foul Ball, location: 2F
1-1: Ball
2-1: Ground out 6-3 (Groundball, 6, EV 77.5 MPH)
Batting: RHB Sébastien Piat 0-0: Called Strike
0-1: Ground out U3 (Groundball, 13, EV 82.5 MPH)
Top of the 6th over - 1 run, 1 hit, 0 errors, 0 left on base; Oakland 2 - San Diego 1
BOTTOM OF THE 6TH
San Diego Padres batting - Pitching for Oakland Athletics : RHP Mike Torres
Batting: LHB Kevin Bellman 0-0: Ball
1-0: Called Strike
1-1: Ground out 6-3 (Groundball, 6, EV 93.8 MPH)
Batting: SHB Jerry Luckwell 0-0: Ball
1-0: Foul Ball, location: 2F
1-1: Fly out, F5 (Flyball, 5D, EV 83.8 MPH)
Batting: LHB Mike Holt 0-0: Ball
1-0: Foul Ball, location: 2F
1-1: SINGLE (Groundball, 4MS, EV 74.4 MPH) (infield hit)
Batting: LHB Xavier Pittman 0-0: Ground out 4-3 (Groundball, 4, EV 105.6 MPH)
Bottom of the 6th over - 0 runs, 1 hit, 0 errors, 1 left on base; Oakland 2 - San Diego 1
TOP OF THE 7TH
Oakland Athletics batting - Pitching for San Diego Padres : LHP Matt Wheeler
Batting: RHB Adam McGurn 0-0: Called Strike
0-1: Ball
1-1: Foul Ball, location: 2F
1-2: Strikes out swinging
Batting: LHB Nate Dean 0-0: Ball
1-0: Ground out 6-3 (Groundball, 4M, EV 105.0 MPH)
Batting: RHB Danny Murillo 0-0: Called Strike
0-1: Ball
1-1: Swinging Strike
1-2: Ball
2-2: Ball
3-2: Foul Ball, location: 2F
3-2: Strikes out swinging
Top of the 7th over - 0 runs, 0 hits, 0 errors, 0 left on base; Oakland 2 - San Diego 1
BOTTOM OF THE 7TH
San Diego Padres batting - Pitching for Oakland Athletics : RHP Mike Torres
Batting: RHB Chiel Palstermans 0-0: Called Strike
0-1: Ground out 4-3 (Groundball, 4, EV 81.9 MPH)
Batting: LHB Andy Bowman 0-0: Ball
1-0: Ball
2-0: Called Strike
2-1: Ball
3-1: Called Strike
3-2: Base on Balls
Batting: RHB Alberto Cotto 0-0: Swinging Strike
0-1: Ball
1-1: Ball
2-1: SINGLE (Flyball, 34D, EV 82.5 MPH)
Andy Bowman to second
Batting: LHB Joseph Martin 0-0: Called Strike
Andy Bowman steals 3rd base
Alberto Cotto to second
0-1: Ground out 5-3 (Groundball, 5S, EV 68.8 MPH)
Pitching: RHP John Owens
Batting: LHB Per Meulengracht 0-0: Ball
1-0: Ball
2-0: Ball
3-0: Base on Balls
Batting: LHB Kevin Bellman 0-0: Fly out, F5 (Popup, 56S, EV 71.2 MPH)
Bottom of the 7th over - 0 runs, 1 hit, 0 errors, 3 left on base; Oakland 2 - San Diego 1
TOP OF THE 8TH
Oakland Athletics batting - Pitching for San Diego Padres : LHP Matt Wheeler
Pitching: LHP Tommy Hall
Batting: SHB Todd Hewitt 0-0: SINGLE (Groundball, 6MD, EV 95.0 MPH)
Batting: LHB George Leary 0-0: SINGLE (Line Drive, 8RS, EV 97.5 MPH)
Todd Hewitt to second
Runner from 2nd tries for 3rd, SAFE, throw by CF made to third
Batting: SHB Ryan Langlois 0-0: Swinging Strike
0-1: Ball
1-1: Fly out, F9 (Flyball, 9S, EV 81.2 MPH)
Batting: RHB Philip Jansen 0-0: Grounds into double play, 5-4-3 (Groundball, 56, EV 86.2 MPH)
Top of the 8th over - 0 runs, 2 hits, 0 errors, 1 left on base; Oakland 2 - San Diego 1
BOTTOM OF THE 8TH
San Diego Padres batting - Pitching for Oakland Athletics : RHP John Owens
Batting: SHB Jerry Luckwell 0-0: Foul Ball, location: 2F
0-1: Foul Ball, location: 2F
0-2: Strikes out swinging
Batting: LHB Mike Holt 0-0: Fly out, F9 (Flyball, 89D, EV 96.2 MPH)
Batting: LHB Xavier Pittman 0-0: Called Strike
0-1: Ball
1-1: Ball
2-1: Ball
3-1: Swinging Strike
3-2: Base on Balls
Batting: RHB Chiel Palstermans 0-0: Called Strike
0-1: SINGLE (Groundball, 5S, EV 64.4 MPH) (infield hit)
Xavier Pittman to second
Batting: LHB Andy Bowman 0-0: SINGLE (Groundball, 25, EV 64.4 MPH) (infield hit)
Xavier Pittman to third
Chiel Palstermans to second
Batting: RHB Alberto Cotto 0-0: Called Strike
0-1: DOUBLE (Flyball, 78XD, EV 101.9 MPH)
Xavier Pittman scores
Chiel Palstermans scores
Andy Bowman to third
Runner from 3rd tries for Home, SAFE, no throw by CF
Batting: LHB Joseph Martin 0-0: Swinging Strike
0-1: Called Strike
0-2: Foul Ball, location: 2F
0-2: Strikes out swinging
Bottom of the 8th over - 3 runs, 3 hits, 0 errors, 1 left on base; Oakland 2 - San Diego 4
TOP OF THE 9TH
Oakland Athletics batting - Pitching for San Diego Padres : LHP Tommy Hall
Batting: RHB Muneo Kawachi 0-0: Called Strike
0-1: Ball
1-1: Ball
2-1: Foul Ball, location: 2F
2-2: Ball
3-2: SINGLE (Flyball, 4D, EV 86.2 MPH)
Batting: RHB Sébastien Piat 0-0: Ball
1-0: Foul Ball, location: 2F
1-1: Ball
2-1: Swinging Strike
2-2: Foul Ball, location: 2F
2-2: Ball
3-2: Fly out, F9 (Flyball, 9, EV 95.6 MPH)
Batting: RHB Adam McGurn 0-0: Called Strike
0-1: Foul Ball, location: 2F
0-2: Ball
1-2: Ball
2-2: Strikes out swinging
Pinch Hitting: SHB Robert Handy 0-0: Ball
1-0: Ball
2-0: Swinging Strike
2-1: Ball
3-1: Ground out 4-3 (Groundball, 4, EV 86.9 MPH)
Top of the 9th over - 0 runs, 1 hit, 0 errors, 1 left on base; Oakland 2 - San Diego 4
Thursday, March 31st , 2022 - OOTP Baseball 22.12 Build 89